 Dungeon Crawl Stone Soup version 0.17.1-2-g5865329 (webtiles) character file.

130 Arkorax the Skirmisher (level 5, -5/88 HPs)
             Began as an Ogre Wanderer on Jan 10, 2016.
             Killed by divine providence
             ... invoked by an orc priest
              (9 damage)
             ... on level 4 of the Dungeon.
             The game lasted 00:03:43 (2501 turns).

Arkorax the Skirmisher (Ogre Wanderer)              Turns: 2501, Time: 00:03:43

Health: -5/88      AC: 22    Str: 17      XL:     5   Next: 14%
Magic:  8/8        EV:  1    Int: 13      God:
Gold:   49         SH:  0    Dex:  6 (8)  Spells: 1 memorised, 7 levels left

rFire  . . .     SeeInvis .     n - +1 whip (vamp)
rCold  . . .     Clarity  .     (armour currently unavailable)
rNeg   + + +     SustAt   .     (no shield)
rPois  +         Gourm    .     (helmet currently unavailable)
rElec  .         Spirit   .     (cloak currently unavailable)
rCorr  .         Warding  .     (gloves unavailable)
rMut   .         NoTele   +     (boots unavailable)
MR     .....                    (no amulet)
Stlth  +++.......               (no ring)
                                (no ring)

@: tree-form, not resistant to hostile enchantments, fairly stealthy
A: unfitting armour, (tough skin 0)
a: no special abilities


You were on level 4 of the Dungeon.
You were hungry.
You were a tree.
You visited 1 branch of the dungeon, and saw 4 of its levels.

You collected 49 gold pieces.

Inventory:

Hand Weapons
 a - a +2 dagger
 c - a +0 falchion
 h - a +0 mace
 n - a +1 vampiric whip (weapon)
Armour
 e - a +0 robe (melded)
Wands
 v - a wand of magic darts (17)
Scrolls
 b - a scroll of blinking
 k - 2 scrolls of identify {unknown}
 m - 2 scrolls of remove curse {unknown}
 q - 2 scrolls of random uselessness {unknown}
 w - 3 scrolls of enchant armour {unknown}
 x - a scroll of fog {unknown}
 y - 2 scrolls of teleportation {unknown}
Potions
 j - a potion of degeneration
 o - a potion of lignification
 r - a potion of agility {unknown}
 s - a potion of flight {unknown}
 t - 2 potions of ambrosia {unknown}
Books
 d - the Volume of Igneous Conjuration

   Spells                             Type                      Level
   a - Flame Tongue                   Conjuration/Fire             1
   b - Throw Flame                    Conjuration/Fire             2
 A - a book of Geomancy

   Spells                             Type                      Level
   a - Sandblast                      Earth                        1
   b - Stoneskin                      Transmutation/Earth          2
   c - Passwall                       Transmutation/Earth          3
   d - Stone Arrow                    Conjuration/Earth            3
   e - Petrify                        Transmutation/Earth          4
   f - Lee's Rapid Deconstruction     Earth                        5
Comestibles
 f - 4 fruits
 g - a royal jelly
 p - 2 bread rations
 u - a slice of pizza


   Skills:
 + Level 6.0 Fighting
 * Level 4.1 Maces & Flails
 - Level 3.2 Stealth
 - Level 2.4 Spellcasting
 - Level 1.0 Fire Magic


You had 7 spell levels left.
You knew the following spells:

 Your Spells              Type           Power        Failure   Level  Hunger
a - Flame Tongue          Conj/Fire      #....        21%         1    #......


Dungeon Overview and Level Annotations

Branches:
Dungeon (4/15)
 Temple: D:4-7

Altars:
Cheibriados
Gozag
Nemelex Xobeh
Trog
Vehumet
Xom
Yredelemnul


Innate Abilities, Weirdness & Mutations

You are too large for most types of armour.
((You have tough skin (AC +1).))


Message History

The orc priest is heavily wounded.
The orc priest closely misses you.
You hit the orc priest but do no damage.
The orc priest is heavily wounded.
The orc priest hits you with a hand axe.
* * * LOW HITPOINT WARNING * * *
You hit the orc priest.
The orc priest is heavily wounded.
Drink which item? (? for menu, Esc to quit)
It was a potion of lignification.
You turn into a tree.
Your +0 robe melds into your body.
Your roots penetrate the ground.
The orc priest hits you but does no damage.
You closely miss the orc priest.
The orc priest is heavily wounded.
The orc priest hits you but does no damage.
You hit the orc priest.
You feel better.
The orc priest is severely wounded.
The orc priest mumbles some strange prayers to Beogh against you.
Something smites you!
You die...

### #<#
#.# #♣#
#o# #.#
#.# #.#
#.#
#######
#.#####
......#
#...o.#
......#
#####o#


You could see an orc priest.

Vanquished Creatures
  Jessica (D:2)
  3 adders
  3 worms
  2 giant geckos
  4 orcs (D:3)
  3 ball pythons (D:2)
  2 giant cockroaches
  2 gnoll zombies (D:2)
  10 goblins
  6 hobgoblins
  5 kobolds
  2 quokkas (D:2)
  8 bats
  5 giant newts
  12 rats
68 creatures vanquished.

Notes
Turn   | Place    | Note
--------------------------------------------------------------
     0 | D:1      | Arkorax the Ogre Wanderer began the quest for the Orb.
     0 | D:1      | Arkorax set off with: a +2 dagger, a scroll of blinking, a +0 falchion, the Volume of Igneous Conjuration, a +0 robe, a bread ration
     0 | D:1      | Reached XP level 1. HP: 24/24 MP: 3/3
     2 | D:1      | Learned a level 1 spell: Flame Tongue
    50 | D:1      | Reached skill level 1 in Maces & Flails
   283 | D:1      | Reached XP level 2. HP: 26/32 MP: 5/5
   677 | D:1      | Reached XP level 3. HP: 24/40 MP: 6/6
   850 | D:2      | Reached skill level 5 in Fighting
   934 | D:2      | Noticed Jessica
   972 | D:2      | Killed Jessica
   972 | D:2      | Reached XP level 4. HP: 35/50 MP: 7/7
  1547 | D:2      | Found a basalt altar of Yredelemnul.
  1748 | D:3      | Found a radiant altar of Vehumet.
  1873 | D:3      | Found a snail-covered altar of Cheibriados.
  1972 | D:3      | Reached XP level 5. HP: 22/59 MP: 8/8
  2186 | D:3      | Found a shimmering altar of Xom.
  2262 | D:3      | Found a bloodstained altar of Trog.
  2262 | D:3      | Found an opulent altar of Gozag.
  2262 | D:3      | Found a sparkling altar of Nemelex Xobeh.
  2458 | D:3      | Reached skill level 6 in Fighting
  2497 | D:4      | HP: 2/59 [orc priest/hand axe (5)]
  2501 | D:4      | Killed from afar by an orc priest

Action                   |  1- 3 |  4- 6 || total
-------------------------+-------+-------++-------
Melee: Mace              |    29 |       ||    29
       Whip              |    80 |   177 ||   257
 Cast: Flame Tongue      |     1 |       ||     1
  Use: Potion            |       |     4 ||     4
 Stab: Sleeping          |     3 |     3 ||     6
  Eat: Bread ration      |     1 |       ||     1
       Chunk             |       |     5 ||     5
